 Dungeon Crawl Stone Soup version 0.26-a0-642-g67e99244d3 (webtiles) character file.

Game seed: 16630970628282580653

1133214 ikjuyhgtrf the Axe Maniac (level 27, -7/273 HPs)
             Began as a Hill Orc Fighter on Sept 21, 2020.
             Was the Champion of Ru.
             Mangled by a death scarab (20 damage)
             ... on level 2 of the Tomb of the Ancients on Sept 22, 2020.
             The game lasted 04:59:35 (90781 turns).

ikjuyhgtrf the Axe Maniac (Hill Orc Fighter)       Turns: 90781, Time: 04:59:36

Health: -7/273     AC: 38    Str: 36      XL:     27
Magic:  37/45      EV:  8    Int:  5 (6)  God:    Ru [******]
Gold:   8349       SH: 37    Dex:  7 (8)  Spells: 50/52 levels left

rFire    + + +     SeeInvis +   m - +9 eudemon blade (holy)
rCold    + . .     Faith    .   H - +10 tower shield of Ignorance {rN+ Int-4}
rNeg     + + +     Spirit   .   L - +7 plate armour of Magic {rPois rN++ Dex-5}
rPois    +         Reflect  .   a - +0 mask of the Dragon {MR+ Slay+3 SInv}
rElec    +         Harm     .   O - +0 cloak "Huutsiczo" {rElec Regen+ Int-5 Dex+5}
rCorr    .         Rampage  +   T - +0 pair of gloves of Monotheism {Rampage +Inv rF+}
MR       +++++                  e - +2 pair of boots {run}
Stlth    ..........             F - amulet "Fibeutuk" {rC+ Regen+ Int+3 Dex+2 Slay+3}
HPRegen  1.35/turn              R - ring "Qomie" {rF+ MR+++ MP+9 EV+4 Str+4}
MPRegen  0.29/turn              I - ring "Irutuadu" {rPois Int+6 Slay+3 SInv}

@: exhausted, studying Polearms, drained, quick
A: talons 1, icy blue scales 1, clumsy 2, dopey 1, fire resistance 1, low mp 1,
screaming 2, electricity resistance, subdued magic 2, no stealth, inability to
use devices, inability to train dodging, no earth magic, no summoning magic, no
transmutations magic, reduced EV 1
}: 9/15 runes: decaying, serpentine, slimy, silver, iron, obsidian, icy, bone,
abyssal
a: Draw Out Power, Power Leap, Apocalypse, Renounce Religion


You were on level 2 of the Tomb of the Ancients.
You worshipped Ru.
Ru was exalted by your worship.
You visited 18 branches of the dungeon, and saw 89 of its levels.
You visited the Abyss 2 times.
You also visited: Trove.

You collected 13681 gold pieces.
You spent 5332 gold pieces at shops.

Inventory:

Hand Weapons
 m - a +9 eudemon blade of holy wrath (weapon)
 q - a +9 vorpal broad axe
 u - a +1 broad axe of freezing
 v - a +9 broad axe of chaos
Missiles
 C - 75 boomerangs (quivered)
Armour
 a - the +0 mask of the Dragon (worn) {MR+ Slay+3 SInv}
   (You found it on level 7 of Gehenna)

   It affects your accuracy and damage with ranged weapons and melee attacks
   (+3).
   It affects your resistance to hostile enchantments.
   It lets you see invisible.
 e - a +2 pair of boots of running (worn)
 y - the +4 tower shield "Optoig" {Regen+ Dex+3 Slay+3}
   (You took it off Dispater on level 7 of the Iron City of Dis)

   It affects your dexterity (+3).
   It affects your accuracy and damage with ranged weapons and melee attacks
   (+3).
   It increases your rate of regeneration.
 H - the +10 tower shield of Ignorance (worn) {rN+ Int-4}
   (You found it on level 2 of the Orcish Mines)

   It affects your intelligence (-4).
   It protects you from negative energy.
 L - the +7 plate armour of Magic (worn) {rPois rN++ Dex-5}
   (You found it on level 7 of Cocytus)

   It affects your dexterity (-5).
   It protects you from poison.
   It greatly protects you from negative energy.
 O - the +0 cloak "Huutsiczo" (worn) {rElec Regen+ Int-5 Dex+5}
   (You found it on level 3 of the Crypt)

   It affects your intelligence (-5).
   It affects your dexterity (+5).
   It insulates you from electricity.
   It increases your rate of regeneration.
 T - the +0 pair of gloves of Monotheism (worn) {Rampage +Inv rF+}
   (You acquired it on level 4 of the Swamp)

   It protects you from fire.
   It lets you turn invisible.
   It bestows one free step when moving towards enemies.
 W - a +12 crystal plate armour
 Z - a +2 pair of boots of flying
Jewellery
 b - the ring of Yweunet {+Fly rC++ Dex+3}
   (You took it off a fire giant on level 4 of the Depths)

   [ring of flight]

   It affects your dexterity (+3).
   It greatly protects you from cold.
   It lets you fly.
 A - the ring of Nuif {rF+ MR+ Str+3 Dex+2}
   (You found it on level 2 of the Depths)

   [ring of protection from magic]

   It affects your strength (+3).
   It affects your dexterity (+2).
   It protects you from fire.
   It affects your resistance to hostile enchantments.
 D - the ring "Petithriz" {Fire rN+ Dex+5}
   (You found it on level 7 of Gehenna)

   [ring of fire]

   It enhances your fire magic.
   It affects your dexterity (+5).
   It protects you from fire.
   It makes you vulnerable to cold.
   It protects you from negative energy.
 F - the amulet "Fibeutuk" (around neck) {rC+ Regen+ Int+3 Dex+2 Slay+3}
   (You found it on level 5 of the Vaults)

   [amulet of regeneration]

   It affects your intelligence (+3).
   It affects your dexterity (+2).
   It affects your accuracy and damage with ranged weapons and melee attacks
   (+3).
   It protects you from cold.
   It increases your rate of regeneration.
 I - the ring "Irutuadu" (right hand) {rPois Int+6 Slay+3 SInv}
   (You found it on level 7 of Cocytus)

   [ring of intelligence]

   It affects your intelligence (+6).
   It affects your accuracy and damage with ranged weapons and melee attacks
   (+3).
   It protects you from poison.
   It lets you see invisible.
 J - the ring "Xipnu" {rElec rC+ MR+ Str+4}
   (You acquired it on level 9 of the Dungeon)

   [ring of protection from cold]

   It affects your strength (+4).
   It protects you from cold.
   It insulates you from electricity.
   It affects your resistance to hostile enchantments.
 R - the ring "Qomie" (left hand) {rF+ MR+++ MP+9 EV+4 Str+4}
   (You acquired it on level 13 of the Dungeon)

   [ring of evasion]

   It affects your evasion (+4).
   It affects your strength (+4).
   It protects you from fire.
   It affects your resistance to hostile enchantments.
   It affects your magic capacity (+9).
 X - the ring "Gugoesh" {Wiz rF+++ Dex-2 Slay+2 Stlth+}
   (You took it off a boggart on level 3 of the Depths)

   [ring of wizardry]

   It improves your spell success rate.
   It affects your dexterity (-2).
   It affects your accuracy and damage with ranged weapons and melee attacks
   (+2).
   It renders you almost immune to fire.
   It makes you more stealthy.
Scrolls
 d - 3 scrolls of holy word
 h - 6 scrolls of identify
 i - 35 scrolls of remove curse
 r - 4 scrolls of enchant weapon
 s - 17 scrolls of magic mapping
 t - 20 scrolls of teleportation
 B - 2 scrolls of silence
 E - 5 scrolls of fog
 K - 3 scrolls of summoning
 M - 7 scrolls of blinking
 N - 10 scrolls of fear
 Q - a scroll of enchant armour
 S - 17 scrolls of amnesia
Potions
 c - 2 potions of cancellation
 f - 12 potions of flight
 g - 15 potions of curing
 j - 6 potions of ambrosia
 k - a potion of resistance
 l - 4 potions of heal wounds
 n - 2 potions of invisibility
 o - 7 potions of might
 w - 13 potions of stabbing
 x - 8 potions of brilliance
 z - 7 potions of magic
 G - 7 potions of berserk rage
 P - 7 potions of haste
Books
 p - a manual of Polearms


   Skills:
 O Level 27(25.1) Fighting
 O Level 27(25.1) Long Blades
 O Level 27(25.1) Axes
 + Level 17.7(16.1) Throwing
 O Level 27(25.1) Armour
 O Level 27(25.1) Shields
 + Level 13.0(11.6) Spellcasting
 + Level 23.1(21.3) Translocations


You had 50 spell levels left.
You knew the following spells:

 Your Spells              Type           Power        Failure   Level
a - Blink                 Tloc           N/A          0%          2

Your spell library contained the following spells:

 Spells                   Type           Power        Failure   Level
 Apportation              Tloc           ###...       0%          1
 Gell's Gravitas          Tloc           ###.......   0%          3
 Lesser Beckoning         Tloc           ###.......   0%          3
 Teleport Other           Tloc           ###.....     0%          3
 Passage of Golubria      Tloc           N/A          0%          4
 Portal Projectile        Hex/Tloc       #.....       1%          3
 Dispersal                Tloc           ###.......   1%          6
 Iskenderun's Mystic Bla  Conj/Tloc      #.......     2%          4
 Corona                   Hex            #......      30%         1
 Foxfire                  Conj/Fire      #...         30%         1
 Freeze                   Ice            #...         30%         1
 Magic Dart               Conj           #...         30%         1
 Shock                    Conj/Air       #...         30%         1
 Corpse Rot               Necr/Air       N/A          45%         2
 Ensorcelled Hibernation  Hex/Ice        #.....       45%         2
 Poisonous Vapours        Pois/Air       #.....       45%         2
 Searing Ray              Conj           #.....       45%         2
 Slow                     Hex            #.......     45%         2
 Sublimation of Blood     Necr           #.........   45%         2
 Swiftness                Air            #.......     45%         2
 Confusing Touch          Hex            #.......     69%         3
 Conjure Flame            Conj/Fire      #.......     69%         3
 Dazzling Flash           Conj/Hex       #.....       69%         3
 Frozen Ramparts          Ice            #.....       69%         3
 Inner Flame              Hex/Fire       #.......     69%         3
 Mephitic Cloud           Conj/Pois/Air  #.......     69%         3
 Ozocubu's Armour         Ice            #.......     69%         3
 Static Discharge         Conj/Air       #.......     69%         3
 Tukima's Dance           Hex            #.......     69%         3
 Airstrike                Air            #.........   98%         4
 Animate Dead             Necr           #.........   98%         4
 Cause Fear               Hex            #.........   98%         4
 Dispel Undead            Necr           #.......     98%         4
 Fulminant Prism          Conj/Hex       #.........   98%         4
 Hailstorm                Conj/Ice       #.......     98%         4
 Olgreb's Toxic Radiance  Pois           #.......     98%         4
 Sticky Flame             Conj/Fire      #.......     98%         4
 Agony                    Necr           #.......     100%        5
 Excruciating Wounds      Necr           #.........   100%        5
 Fireball                 Conj/Fire      #.........   100%        5
 Iskenderun's Battlesphe  Conj           #.......     100%        5
 Lightning Bolt           Conj/Air       #.........   100%        5
 Silence                  Hex/Air        #.........   100%        5
 Conjure Ball Lightning   Conj/Air       #.........   100%        6
 Death Channel            Necr           #.........   100%        6
 Invisibility             Hex            #.......     100%        6
 Ozocubu's Refrigeration  Ice            #.........   100%        6
 Simulacrum               Ice/Necr       #.........   100%        6
 Orb of Destruction       Conj           #.........   100%        7
 Chain Lightning          Conj/Air       #.........   100%        8
 Ignition                 Fire           #.........   100%        8
 Absolute Zero            Ice            #.........   100%        9
 Fire Storm               Conj/Fire      #.........   100%        9
 Tornado                  Air            #.........   100%        9
 Summon Forest            Summ/Tloc      Unusable     N/A         5
 Beastly Appendage        Tmut           Unusable     N/A         1
 Sandblast                Erth           Unusable     N/A         1
 Sting                    Tmut/Pois      Unusable     N/A         1
 Summon Small Mammal      Summ           Unusable     N/A         1
 Call Imp                 Summ           Unusable     N/A         2
 Passwall                 Tmut/Erth      Unusable     N/A         2
 Wereblood                Tmut           Unusable     N/A         2
 Ignite Poison            Fire/Tmut/Pois Unusable     N/A         3
 Spider Form              Tmut/Pois      Unusable     N/A         3
 Stone Arrow              Conj/Erth      Unusable     N/A         3
 Summon Guardian Golem    Hex/Summ       Unusable     N/A         3
 Ice Form                 Ice/Tmut       Unusable     N/A         4
 Leda's Liquefaction      Hex/Erth       Unusable     N/A         4
 Petrify                  Tmut/Erth      Unusable     N/A         4
 Summon Ice Beast         Ice/Summ       Unusable     N/A         4
 Summon Lightning Spire   Summ/Air       Unusable     N/A         4
 Malign Gateway           Summ/Tloc      Unusable     N/A         7
 Alistair's Intoxication  Tmut/Pois      Unusable     N/A         5
 Blade Hands              Tmut           Unusable     N/A         5
 Bolt of Magma            Conj/Fire/Erth Unusable     N/A         5
 Borgnjor's Vile Clutch   Necr/Erth      Unusable     N/A         5
 Irradiate                Conj/Tmut      Unusable     N/A         5
 Lee's Rapid Deconstruct  Erth           Unusable     N/A         5
 Summon Demon             Summ           Unusable     N/A         5
 Summon Mana Viper        Hex/Summ       Unusable     N/A         5
 Eringya's Noxious Bog    Tmut/Pois      Unusable     N/A         6
 Hydra Form               Tmut           Unusable     N/A         6
 Iron Shot                Conj/Erth      Unusable     N/A         6
 Shadow Creatures         Summ           Unusable     N/A         6
 Statue Form              Tmut/Erth      Unusable     N/A         6
 Dragon Form              Tmut           Unusable     N/A         7
 Monstrous Menagerie      Summ           Unusable     N/A         7
 Spellforged Servitor     Conj/Summ      Unusable     N/A         7
 Summon Greater Demon     Summ           Unusable     N/A         7
 Summon Hydra             Summ           Unusable     N/A         7
 Lehudib's Crystal Spear  Conj/Erth      Unusable     N/A         8
 Summon Horrible Things   Summ           Unusable     N/A         8
 Dragon's Call            Summ           Unusable     N/A         9
 Shatter                  Erth           Unusable     N/A         9

Dungeon Overview and Level Annotations

Branches:
Dungeon (15/15)            Temple (1/1) D:4            Lair (6/6) D:11
  Swamp (4/4) Lair:3        Snake (4/4) Lair:3        Slime (5/5) Lair:5
    Orc (2/2) D:9             Elf (3/3) Orc:2        Vaults (5/5) D:14
  Crypt (3/3) Vaults:2       Tomb (2/3) Crypt:3      Depths (5/5) D:15
   Hell (visited)             Dis (7/7) Hell            Geh (7/7) Hell
    Coc (7/7) Hell            Tar (7/7) Hell            Zot (5/5) Depths:5

Altars:
Ashenzari
Cheibriados
Dithmenos
Fedhas
Gozag
Hepliaklqana
Kikubaaqudgha
Makhleb
Nemelex Xobeh
Okawaru
Qazlal
Ru
Sif Muna
Trog
Uskayaw
Xom
Yredelemnul
Beogh
Jiyva

Shops:
D:8 *   Orc:2 *(}(   Elf:1 }   Elf:2 *   Elf:3 *   Snake:1 }   Snake:4 :=
Vaults:3 }   Depths:1 :   Depths:2 !   Depths:3 !:=   Depths:4 [

Portals:
Hell: Depths:1 Depths:2 Depths:3 Depths:4 Depths:5
Abyss: Swamp:2 Depths:4
Pandemonium: Depths:3 Depths:4
Ziggurat: Depths:1

Annotations:
Abyss:1 Aizul


Innate Abilities, Weirdness & Mutations

Your magical capacity is low. (-10% MP)
You sometimes yell uncontrollably at your foes.
You cannot be stealthy.
You cannot study or use magical devices.
You cannot train Dodging skill.
You cannot study or cast Earth magic.
You cannot study or cast Summoning magic.
You cannot study or cast Transmutations magic.
You have somewhat slow reflexes. (EV -5)
You have sharp toenails.
You are partially covered in icy blue scales. (AC +2)
You are very clumsy. (Dex -4)
You are dopey. (Int -2)
Your flesh is heat resistant. (rF+)
You are resistant to electric shocks. (rElec)
Your spells are easier to cast, but less powerful.


Message History

You destroy the freezing wraith!
You destroy the lich!
You destroy the mummy! x3
You destroy the human zombie!
You feel drained.
You feel extremely nervous for a moment...
You feel very uncomfortable.
You feel extremely nervous for a moment...
Pain shoots through your body!
* * * LOW HITPOINT WARNING * * *
You feel extremely nervous for a moment...
Pain shoots through your body!
* * * LOW HITPOINT WARNING * * *
You feel extremely nervous for a moment...
You feel homesick.
You feel extremely nervous for a moment...
Your body is wracked with pain!
* * * LOW HITPOINT WARNING * * *
You rampage towards the mummy priest!
You yell at the mummy!
A mummy comes into view.
The death scarab bites you!!
You die...

....#.s......#......#
...z..ss...^...#..††..#
....L.#..^^....#†..†^.#
....M##############)######
##'###.....................
.. #..................... .
#.. #.........####. #...
#..M.s...<#
#...####...@.....####
#..§................(
#.ML.M..........^....
#.§§........†........
^.M.§§......#...#......
###..M......†..)...^....
#......................
#......................#
#...$..................#


You could see a mummy priest (paralysed), a death scarab and a mummy.

Vanquished Creatures
  Antaeus (Coc:7)
  Asmodeus (Geh:7)
  the Royal Jelly (Slime:5)
  Ereshkigal (Tar:7)
  the Serpent of Hell (Dis:7)
  Dispater (Dis:7)
  4 orbs of fire (Zot:5)
  10 ancient liches
  Mara (Depths:3)
  Mennas (Vaults:2)
  11 shard shrikes
  6 greater mummies
  Bai Suzhen (Swamp:4)
  3 Killer Klowns (Zot:5)
  Xtahua (Crypt:2)
  5 caustic shrikes
  A curse toe (Zot:2)
  Saint Roka (Depths:3)
  Geryon (Hell)
  8 golden dragons
  A profane servitor (Abyss:3)
  20 Brimstone Fiends
  17 bone dragons
  A shard shrike zombie (Crypt:1)
  25 Tzitzimimeh
  10 doom hounds
  5 iron giants
  A hellephant (Zot:4)
  3 electric golems
  19 tentacled monstrosities
  9 liches
  17 Ice Fiends
  8 Hell Sentinels (Dis:7)
  A deep elf blademaster (Elf:3)
  Rupert (Snake:1)
  25 Orb Guardians (Zot:5)
  22 acid blobs
  20 quicksilver dragons
  5 titans
  2 deep elf master archers (Elf:3)
  4 Executioners
  4 tentacled starspawn
  6 death cobs
  Murray (Hell)
  2 thorn hunters
  15 sphinxes
  9 ancient champions
  Kirke (Snake:1)
  16 storm dragons
  20 shadow dragons
  9 tengu reavers
  12 azure jellies
  8 nagarajas
  3 draconian monks
  The ghost of Esebbu the Spear-Bearer, an adept DsAK of Lugonu (Swamp:2)
  12 fire giants
  2 revenants
  A daeva (Swamp:2)
  7 draconian shifters
  A cacodemon (Dis:3)
  An orc warlord (Vaults:4)
  12 frost giants
  11 iron dragons
  2 ghost moths
  6 deep elf sorcerers
  16 balrugs
  Louise (Snake:4)
  4 draconian scorchers
  5 draconian knights
  A juggernaut zombie (Depths:2)
  The ghost of Raqueng the Severer, a journeyman MiFi of Makhleb (D:15)
  3 deep elf elementalists
  4 curse skulls
  11 vault wardens
  A draconian stormcaller (Zot:4)
  81 reapers
  21 ironheart preservers
  3 elemental wellsprings
  24 war gargoyles
  2 spriggan defenders
  3 draconian annihilators
  6 ghouls
  16 very ugly things
  An entropy weaver (shapeshifter) (Vaults:5)
  3 entropy weavers
  10 green draconians
  7 vampire knights
  8 black draconians
  8 deep elf demonologists
  A dire elephant (shapeshifter) (Depths:4)
  5 deep elf annihilators
  A minotaur (Slime:5)
  10 red draconians
  7 white draconians
  18 stone giants
  7 purple draconians
  15 yellow draconians
  6 green deaths
  8 spark wasps
  A merfolk javelineer (Depths:4)
  3 merfolk impalers
  11 death oozes
  18 ettins
  10 eidola
  2 crystal guardians (Vaults:4)
  13 blizzard demons
  11 mummy priests
  11 fire dragons
  3 kraken zombies
  10 quicksilver dragon zombies
  12 deep elf death magi
  3 deep elf high priests
  A fire dragon (shapeshifter) (Depths:2)
  16 jiangshi
  Josephine (D:14)
  A hell beast (Dis:4)
  39 vault guards
  4 rakshasas
  15 yaktaur captains
  16 great orbs of eyes
  6 quicksilver dragon skeletons
  36 ice dragons
  19 naga warriors
  5 spriggan air magi
  A shambling mangrove (Swamp:3)
  15 hydras
  7 centaur warriors
  5 death knights
  A spark wasp (shapeshifter) (Vaults:4)
  A ghost crab (Swamp:4)
  12 alligators
  4 catoblepae
  An anaconda (shapeshifter) (Vaults:5)
  16 deep troll earth magi
  37 two-headed ogres
  4 death yaks (Lair:6)
  30 dancing weapons
  10 anacondas
  A queen ant (Vaults:1)
  A satyr (Slime:2)
  17 deep troll shamans
  A death yak (shapeshifter) (Vaults:5)
  15 ogre magi
  6 tengu warriors
  29 death scarabs
  32 hell hogs
  15 titan zombies
  12 vampire magi
  5 thrashing horrors
  2 spriggan berserkers
  12 naga sharpshooters
  2 orc high priests
  11 shock serpents
  27 deep elf knights
  16 iron golems
  27 sun demons
  15 soul eaters
  3 wretched stars
  10 titan skeletons
  19 iron trolls
  2 salamander mystics
  A spatial maelstrom (Abyss:3)
  9 shadow wraiths
  7 golden dragon zombies
  15 storm dragon zombies
  47 deep trolls
  A fire crab (shapeshifter) (Crypt:3)
  12 large abominations
  69 hell knights
  207 skeletal warriors
  A spriggan druid (Swamp:4)
  4 storm dragon skeletons
  11 anaconda zombies
  3 unseen horrors
  5 glowing orange brains
  A spark wasp zombie (Depths:2)
  8 ghost moth zombies
  3 swamp dragons
  19 flayed ghosts
  Pikel (D:6)
  16 anaconda skeletons
  10 deep elf archers
  2 kraken simulacra
  2 quicksilver dragon simulacra (Coc:2)
  16 shadow demons
  3 golden dragon skeletons
  4 orange crystal statues (Orc:2)
  6 wizards
  27 phantasmal warriors
  14 ironbrand convokers
  A lindwurm (shapeshifter) (Vaults:5)
  5 mana vipers
  4 naga ritualists
  3 tengu skeletons
  4 harpies (Vaults:1)
  41 necromancers
  40 ugly things
  18 orc knights
  4 lindwurms (Lair:6)
  A shining eye (shapeshifter) (D:15)
  9 wolf spiders
  14 stone giant zombies
  16 wolf spider zombies
  4 orc sorcerers
  9 shadow dragon zombies
  21 fire giant zombies
  9 shining eyes
  10 iron dragon zombies
  8 salamanders
  67 deep elf magi
  15 frost giant zombies
  A cyclops (shapeshifter) (Depths:2)
  10 cyclopes
  22 moths of wrath
  6 iron dragon skeletons
  Maurice (D:10)
  A guardian serpent (shapeshifter) (Vaults:1)
  7 shadow dragon skeletons
  7 fire giant skeletons
  6 frost giant skeletons
  3 moths of wrath (shapeshifter)
  2 ice statues
  An elephant (shapeshifter) (Vaults:5)
  3 worldbinders
  21 elephants
  84 rust devils
  10 guardian serpents
  4 stone giant skeletons
  7 shock serpent zombies
  9 dire elephant zombies
  9 smoke demons
  2 eyes of devastation
  11 molten gargoyles
  24 black mambas
  3 cane toads (shapeshifter)
  A water nymph (Vaults:2)
  20 naga magi
  An apocalypse crab (Abyss:3)
  5 dire elephant skeletons
  3 orange demons
  A centaur skeleton (D:13)
  A gargoyle (D:14)
  15 vault sentinels
  3 spriggan zombies
  Maggie (D:10)
  32 cane toads
  A rime drake (shapeshifter) (Vaults:1)
  2 catoblepas zombies (Crypt:3)
  A redback zombie (D:13)
  A shock serpent skeleton (Dis:2)
  2 efreet
  7 komodo dragons
  A rime drake (Lair:5)
  3 emperor scorpion zombies
  2 yaktaurs (shapeshifter) (Vaults:5)
  54 hellions
  61 tormentors
  36 freezing wraiths
  57 ice devils
  54 yaktaurs
  14 hellwings
  A catoblepas skeleton (Coc:1)
  18 guardian mummies
  3 tengu conjurers
  An ancient zyme (Abyss:3)
  31 hydra zombies
  2 minotaur skeletons
  7 trolls
  31 red devils
  A merfolk (Vaults:4)
  3 silent spectres
  A wind drake (shapeshifter) (Vaults:1)
  A merfolk (shapeshifter) (Vaults:4)
  2 meliai (D:13)
  A meliai (shapeshifter) (Elf:3)
  4 jumping spiders
  4 harpy zombies
  A hornet (shapeshifter) (Elf:2)
  12 hornets
  A polar bear (Lair:4)
  3 harpy skeletons
  15 hippogriffs
  A wolf spider simulacrum (D:13)
  A guardian serpent zombie (Crypt:1)
  10 hydra skeletons
  A raiju (shapeshifter) (Vaults:3)
  11 tyrant leeches
  9 alligator zombies
  10 raiju
  31 blink frogs
  2 ice dragon zombies
  9 bog bodies
  6 dream sheep (Lair:6)
  A dream sheep (shapeshifter) (Depths:3)
  17 fire dragon zombies
  An iron dragon simulacrum (Tar:5)
  17 ettin zombies
  A frost giant simulacrum (Coc:7)
  97 slime creatures
  6 starcursed masses (Abyss:3)
  4 fire dragon skeletons
  2 vampires
  12 small abominations
  12 spriggans
  57 wraiths
  53 shadows
  2 elf zombies
  A spriggan (shapeshifter) (Vaults:2)
  9 ettin skeletons
  A tarantella (Depths:4)
  139 flying skulls
  4 redbacks
  2 black mamba zombies
  19 water elementals
  3 fire bats
  37 fire elementals
  7 ushabtiu
  4 ice dragon skeletons
  9 air elementals
  2 ynoxinuls (Abyss:3)
  A yak (shapeshifter) (Vaults:5)
  22 yaks
  14 golden eyes
  An alligator skeleton (Geh:1)
  A neqoxec (Abyss:2)
  A golden eye (shapeshifter) (D:15)
  7 basilisks
  5 hogs (Snake:1)
  3 swamp worm simulacra (Swamp:4)
  28 vampire mosquitoes
  An infernal demonspawn zombie (Crypt:1)
  8 wargs
  12 insubstantial wisps (Swamp:2)
  72 nagas
  A naga (shapeshifter) (Vaults:2)
  2 spatial vortices (Abyss:3)
  2 acid dragons
  A faun zombie (Crypt:2)
  A gelid demonspawn zombie (Coc:2)
  13 hydra simulacra
  13 water moccasins
  91 hell hounds
  28 swamp worms
  A swamp worm (shapeshifter) (Vaults:4)
  4 merfolk zombies
  A floating eye (shapeshifter) (Zot:3)
  15 cane toad zombies
  12 porcupines
  A faun skeleton (Crypt:2)
  63 orc warriors
  3 floating eyes
  3 swamp drakes
  Duvessa (D:7)
  A black bear (D:7)
  An ice beast (shapeshifter) (D:14)
  5 sky beasts
  2 fire dragon simulacra
  7 snapping turtle zombies
  11 ice beasts
  An ice dragon simulacrum (Tomb:1)
  38 necrophages
  11 phantoms
  14 cane toad skeletons
  3 eyes of draining
  6 swamp dragon zombies
  2 alligator simulacra
  11 boggarts
  3 manticore zombies
  36 ogres
  12 wolves (Lair:4)
  3 swamp dragon skeletons
  34 centaurs
  11 crocodiles
  2 lemures (D:6)
  2 snapping turtle skeletons
  3 manticore skeletons
  46 bullfrogs
  A big kobold (D:7)
  A gnoll sergeant (Orc:1)
  A hippogriff skeleton (Crypt:2)
  A merfolk simulacrum (Hell)
  14 earth elementals
  An elf skeleton (Dis:5)
  A warg zombie (Crypt:1)
  8 wyvern skeletons
  2 scorpions
  Dowan (D:7)
  An elf simulacrum (Vaults:5)
  5 killer bees (D:13)
  94 wights
  An electric eel (Vaults:2)
  A raiju skeleton (Crypt:2)
  3 howler monkeys
  5 crimson imps
  7 hounds
  12 centaur zombies
  4 jellies
  2 bullfrog zombies
  2 quasits
  Crazy Yiuf (D:3)
  5 human zombies
  20 orc priests
  79 iron imps
  23 orc wizards
  2 bullfrog skeletons
  Natasha (thrice) (D:3)
  4 hell rats (Hell)
  2 human skeletons
  An iguana (D:13)
  6 lightning spires (Abyss:3)
  7 worker ants
  A killer bee zombie (D:7)
  An ogre zombie (Dis:1)
  3 tengu zombies
  2 naga zombies
  A centaur simulacrum (Hell)
  2 hound skeletons
  42 mummies
  A howler monkey zombie (D:7)
  2 worker ant zombies
  Robin (D:2)
  14 adders
  11 gnolls
  A howler monkey skeleton (D:5)
  A swamp drake zombie (Crypt:1)
  14 shadow imps
  12 white imps
  6 ufetubi
  2 oozes
  5 swamp drake simulacra (Swamp:4)
  A worm zombie (Crypt:2)
  An adder skeleton (D:9)
  5 worms
  A barachi zombie (Crypt:1)
  5 dart slugs
  A worm (shapeshifter) (D:15)
  10 leopard geckos
  123 orcs
  5 bats
  5 giant cockroaches
  12 goblins
  16 hobgoblins
  6 jackals (D:7)
  15 kobolds
  3 quokkas
  2 ball pythons
  4 frilled lizards
  A frilled lizard zombie (Crypt:2)
  2 kobold zombies
  A leopard gecko skeleton (D:7)
  An orc skeleton (Crypt:2)
  An orc zombie (Dis:3)
  A quokka skeleton (D:5)
  7 rats
  A spectral orc (D:6)
  7 briar patches (Swamp:2)
  6 tentacles
  A withered plant (Crypt:3)
5044 creatures vanquished.

Vanquished Creatures (collateral kills)
  A red draconian (Zot:4)
  A death scarab (Tomb:2)
  An orc (Vaults:2)
3 creatures vanquished.

Vanquished Creatures (others)
  An iron giant (Dis:3)
  An Ice Fiend (Coc:7)
  A deep elf blademaster (Elf:3)
  A quicksilver dragon (Depths:3)
  A death cob (Zot:2)
  A shadow dragon (Vaults:5)
  A revenant (Crypt:3)
  A deep elf sorcerer (Vaults:4)
  A ghost moth (Zot:2)
  2 deep elf elementalists (Elf:3)
  A spriggan defender (Depths:5)
  2 green draconians
  A red draconian (Zot:1)
  A deep elf annihilator (Elf:3)
  4 yellow draconians
  An ettin (Depths:3)
  A jiangshi (Crypt:2)
  A vault guard (Vaults:5)
  An ice dragon (Coc:7)
  An ogre mage (Depths:3)
  A centaur warrior (Vaults:2)
  A dancing weapon (Elf:1)
  2 alligators (Swamp:4)
  A vampire mage (Tar:7)
  4 hell hogs
  2 death scarabs
  A spriggan berserker (Depths:2)
  A naga sharpshooter (Snake:4)
  2 sun demons (Geh:7)
  A deep elf knight (Elf:2)
  2 hell knights
  3 skeletal warriors
  An iron troll (Dis:7)
  A flayed ghost (Depths:4)
  A deep troll (Vaults:5)
  An anaconda skeleton (Geh:1)
  A golden dragon skeleton (Coc:5)
  An orc knight (Orc:2)
  6 ugly things
  6 deep elf magi
  An orc sorcerer (Vaults:1)
  A frost giant zombie (Crypt:3)
  3 black mambas
  A rust devil (Dis:7)
  A moth of wrath (Zot:1)
  A naga mage (Snake:4)
  A stone giant skeleton (Coc:5)
  A cane toad (Lair:2)
  A komodo dragon (Lair:1)
  A tormentor (Geh:4)
  2 yaktaurs
  A red devil (Geh:2)
  A bog body (Swamp:4)
  2 flying skulls
  2 shadows
  A fire elemental (Geh:7)
  A vampire mosquito (Swamp:4)
  A small abomination (Abyss:3)
  A swamp worm (Swamp:4)
  4 nagas (Snake:4)
  A hell hound (Dis:3)
  A floating eye (Depths:3)
  An orc warrior (Orc:2)
  3 ogres
  4 wights (Geh:1)
  A crimson imp (Depths:4)
  An orc wizard (Orc:1)
  3 orcs
  38 fungi
  163 plants
  8 starspawn tentacles
  15 tentacles
  22 withered plants (Crypt:3)
353 creatures vanquished.

Grand Total: 5400 creatures vanquished

Notes
Turn   | Place    | Note
-------+----------+-------------------------------------------
     0 | D:1      | ikjuyhgtrf the Hill Orc Fighter began the quest for the
                  | Orb.
     0 | D:1      | Reached XP level 1. HP: 19/19 MP: 1/1
    57 | D:1      | Reached XP level 2. HP: 18/26 MP: 2/2
   435 | D:1      | Reached XP level 3. HP: 30/31 MP: 3/3
  1073 | D:2      | Reached skill level 5 in Axes
  1274 | D:2      | Reached XP level 4. HP: 36/39 MP: 4/4
  1555 | D:2      | Noticed Robin
  1580 | D:2      | Killed Robin
  1902 | D:2      | Reached XP level 5. HP: 45/45 MP: 5/5
  2032 | D:3      | Noticed Natasha
  2057 | D:3      | Killed Natasha
  2255 | D:3      | Noticed Natasha
  2260 | D:3      | Killed Natasha
  2261 | D:3      | Reached XP level 6. HP: 51/51 MP: 6/6
  2299 | D:3      | Noticed Natasha
  2312 | D:3      | Killed Natasha
  2483 | D:3      | Found a faded altar of an unknown god.
  2532 | D:3      | Found a runed translucent door.
  2533 | D:3      | Noticed Crazy Yiuf
  2822 | D:3      | Found a burning altar of Makhleb.
  2876 | D:3      | Found a snail-covered altar of Cheibriados.
  3125 | D:3      | Killed Crazy Yiuf
  3512 | D:4      | Reached XP level 7. HP: 57/57 MP: 7/7
  3585 | D:4      | Found a hazy altar of Hepliaklqana.
  3593 | D:4      | Reached skill level 10 in Axes
  4005 | D:4      | Found a staircase to the Ecumenical Temple.
  4014 | Temple   | Entered the Ecumenical Temple
  4022 | Temple   | Became a worshipper of Ru the Awakened
  4094 | D:5      | Entered Level 5 of the Dungeon
  4179 | D:5      | Reached skill level 5 in Fighting
  4340 | D:5      | Reached XP level 8. HP: 70/70 MP: 8/8
  4483 | D:5      | Found a burning altar of Makhleb.
  4794 | D:6      | Noticed Pikel
  4813 | D:6      | Killed Pikel
  4824 | D:6      | Gained mutation: You cannot be stealthy. [Ru sacrifice]
  5552 | D:6      | Found a basalt altar of Yredelemnul.
  5665 | D:7      | Noticed Dowan
  5668 | D:7      | Noticed Duvessa
  5674 | D:7      | Reached skill level 10 in Fighting
  5677 | D:7      | Killed Dowan
  5677 | D:7      | Reached XP level 9. HP: 81/85 MP: 9/9
  5680 | D:7      | Killed Duvessa
  5776 | D:7      | Noticed a hornet
  5784 | D:7      | Noticed a troll
  5788 | D:7      | Paralysed by a hornet for 1 turns
  5791 | D:7      | Killed a hornet
  5795 | D:7      | Reached skill level 5 in Shields
  5806 | D:7      | Killed a troll
  7119 | D:8      | Reached XP level 10. HP: 78/94 MP: 10/10
  7416 | D:8      | Found Oryurik's General Store.
  7424 | D:8      | Bought a scroll of amnesia for 38 gold pieces
  7424 | D:8      | Bought a potion of stabbing for 44 gold pieces
  7424 | D:8      | Bought a scroll of immolation for 38 gold pieces
  7569 | D:8      | Found an iron altar of Okawaru.
  7633 | D:8      | Found a sparkling altar of Nemelex Xobeh.
  7995 | D:9      | Found a staircase to the Orcish Mines.
  8017 | D:9      | Reached skill level 10 in Shields
  8093 | D:9      | Noticed a two-headed ogre
  8102 | D:9      | Killed a two-headed ogre
  8354 | D:9      | Identified 3 scrolls of acquirement
  8355 | D:9      | Acquired the ring "Xipnu" {rElec rC+ MR+ Str+4}
  8356 | D:9      | Acquired a +1 broad axe of flaming
  8357 | D:9      | Acquired a +1 tower shield of reflection
  8614 | D:9      | Found a bloodstained altar of Trog.
  8693 | D:9      | Found a shimmering blue altar of Sif Muna.
  8727 | D:10     | Entered Level 10 of the Dungeon
  8833 | D:10     | Noticed Maggie
  8848 | D:10     | Killed Maggie
  8981 | D:10     | Noticed Maurice
  8994 | D:10     | Killed Maurice
  8994 | D:10     | Reached XP level 11. HP: 102/102 MP: 11/11
  9220 | D:10     | Reached skill level 5 in Armour
  9240 | D:10     | Noticed an orc knight
  9252 | D:10     | Killed an orc knight
  9419 | D:10     | Noticed a two-headed ogre
  9427 | D:10     | Killed a two-headed ogre
  9603 | D:11     | Noticed a brown ugly thing
  9608 | D:11     | Killed a brown ugly thing
  9621 | D:11     | Killed an unseen horror
  9825 | D:11     | Noticed a two-headed ogre
  9833 | D:11     | Killed a two-headed ogre
 10133 | D:11     | Found a staircase to the Lair.
 10932 | D:13     | Reached XP level 12. HP: 112/112 MP: 12/12
 10950 | D:13     | Gained mutation: You cannot study or cast Earth magic. [Ru
                  | sacrifice]
 10950 | D:13     | Gained mutation: You cannot study or cast Transmutations
                  | magic. [Ru sacrifice]
 10950 | D:13     | Gained mutation: You cannot study or cast Summoning magic.
                  | [Ru sacrifice]
 10950 | D:13     | Reached * piety under Ru
 10950 | D:13     | Reached ** piety under Ru
 11078 | D:13     | Noticed a tengu warrior
 11079 | D:13     | Noticed a tengu warrior
 11086 | D:13     | Killed a tengu warrior
 11091 | D:13     | Killed a tengu warrior
 11191 | D:13     | Acquired the ring "Qomie" {rF+ MR+++ MP+9 EV+4 Str+4}
 11322 | D:13     | Got a twitching amber ring
 11588 | D:13     | Got an iridescent broad axe
 11589 | D:13     | Identified the +2 broad axe of Calamity {vorpal, rPois rC+
                  | Dex+3} (You found it on level 13 of the Dungeon)
 11590 | D:13     | Identified the ring of Qoshitee {Ice Str+3} (You found it
                  | on level 13 of the Dungeon)
 11922 | D:14     | Noticed a vault guard
 12131 | D:14     | Found a gate to the Vaults.
 12131 | D:14     | Noticed a vault guard
 12131 | D:14     | Noticed a vault guard
 12136 | D:14     | Noticed a vault guard
 12151 | D:14     | Killed a vault guard
 12156 | D:14     | Killed a vault guard
 12157 | D:14     | Killed a vault guard
 12172 | D:14     | Killed a vault guard
 12370 | D:14     | Reached XP level 13. HP: 116/122 MP: 13/13
 12455 | D:14     | Found a shadowy altar of Dithmenos.
 13010 | D:14     | Noticed Josephine
 13021 | D:14     | Killed Josephine
 13286 | Lair:1   | Entered Level 1 of the Lair of Beasts
 13299 | Lair:1   | Gained mutation: You occasionally shout uncontrollably at
                  | your foes. [Ru sacrifice]
 14452 | Lair:2   | Reached skill level 10 in Armour
 15004 | Lair:3   | Reached skill level 15 in Axes
 15023 | Lair:3   | Gained mutation: You cannot train Dodging skill. [Ru
                  | sacrifice]
 15023 | Lair:3   | Reached *** piety under Ru
 15348 | Lair:3   | Reached XP level 14. HP: 133/133 MP: 14/14
 15387 | Lair:3   | Found a staircase to the Swamp.
 15469 | Lair:3   | Found a staircase to the Snake Pit.
 15959 | Lair:4   | You fall into a shaft and drop 2 floors!
 15959 | Lair:6   | Entered Level 6 of the Lair of Beasts
 16301 | Lair:4   | Gained mutation: You cannot study or use magical devices.
                  | [Ru sacrifice]
 16301 | Lair:4   | Reached **** piety under Ru
 16301 | Lair:4   | Reached ***** piety under Ru
 16427 | Lair:4   | Reached skill level 15 in Fighting
 16439 | Lair:4   | Reached skill level 15 in Shields
 16613 | Lair:4   | You fall into a shaft and drop 2 floors!
 17616 | Lair:5   | Found a runed translucent door.
 17616 | Lair:5   | Found a viscous altar of Jiyva.
 17616 | Lair:5   | Found a staircase to the Slime Pits.
 18156 | Lair:6   | Reached XP level 15. HP: 124/143 MP: 15/15
 18335 | Lair:6   | Acquired 1260 gold pieces
 18556 | Lair:6   | Got a distressingly furry plate armour
 18557 | Lair:6   | Identified the cursed +1 plate armour "Kamuets" {rF- rN+
                  | rCorr Int+3} (You found it on level 6 of the Lair of
                  | Beasts)
 18568 | Lair:6   | Got distressingly furry acid dragon scales
 18569 | Lair:6   | Identified the +1 acid dragon scales of Mumblety Peg {rCorr
                  | Int+4 Dex+3} (You found it on level 6 of the Lair of
                  | Beasts)
 19156 | Orc:1    | Entered Level 1 of the Orcish Mines
 19779 | Orc:2    | Entered Level 2 of the Orcish Mines
 19865 | Orc:2    | Found Amobbi Xuemp's Gadget Emporium.
 19865 | Orc:2    | Found Taatza's Antique Weapon Boutique.
 19869 | Orc:2    | Found Lecao's Assorted Antiques.
 19871 | Orc:2    | Found Ohaiw's Weapon Shoppe.
 19956 | Orc:2    | Found a runed translucent door.
 19965 | Orc:2    | Found the +10 tower shield of Ignorance {rN+ Int-4}
 19968 | Orc:2    | Found a runed translucent door.
 20702 | Orc:2    | Found a staircase to the Elven Halls.
 20891 | Orc:2    | Bought a potion of might for 128 gold pieces
 20891 | Orc:2    | Bought a glowing plate armour for 832 gold pieces
 21135 | D:15     | Entered Level 15 of the Dungeon
 21359 | D:15     | Found a staircase to the Depths.
 21595 | D:15     | Gained mutation: Your magical capacity is low. (-10% MP)
                  | [Ru sacrifice]
 21651 | D:15     | Reached XP level 16. HP: 144/152 MP: 14/14
 22134 | D:15     | Found a large runed translucent door.
 22135 | D:15     | Found a large runed translucent door.
 22137 | D:15     | Noticed Raqueng's ghost (journeyman MiFi)
 22250 | D:15     | Killed Raqueng's ghost
 22524 | Swamp:1  | Entered Level 1 of the Swamp
 23615 | Swamp:2  | Noticed a thorn hunter
 23631 | Swamp:2  | Killed a thorn hunter
 23900 | Swamp:2  | Gained mutation: You have somewhat slow reflexes. (EV -5)
                  | [Ru sacrifice]
 23900 | Swamp:2  | Reached ****** piety under Ru
 24059 | Swamp:2  | Identified the +5 spear of the Sea {distort, *Noise rElec
                  | SInv}
 24060 | Swamp:2  | Noticed Esebbu's ghost (adept DsAK)
 24064 | Swamp:2  | Found a transporter.
 24070 | Swamp:2  | Noticed a daeva
 24123 | Swamp:2  | Killed Esebbu's ghost
 24125 | Swamp:2  | Found a one-way gate to the infinite horrors of the Abyss.
 24171 | Swamp:2  | Killed a daeva
 24176 | Swamp:2  | Found a transporter.
 26098 | Swamp:4  | Entered Level 4 of the Swamp
 26105 | Swamp:4  | Reached XP level 17. HP: 140/161 MP: 15/15
 26576 | Swamp:4  | Got a decaying rune of Zot
 27123 | Swamp:4  | Noticed Bai Suzhen
 27138 | Swamp:4  | Killed Bai Suzhen
 27161 | Swamp:4  | Acquired the +0 pair of gloves of Monotheism {Rampage +Inv
                  | rF+}
 27813 | Snake:1  | Entered Level 1 of the Snake Pit
 27841 | Snake:1  | Found Ititzoy's Gadget Shop.
 27885 | Snake:1  | Noticed Rupert
 27897 | Snake:1  | Killed Rupert
 28046 | Snake:1  | Noticed Kirke
 28061 | Snake:1  | Killed Kirke
 29108 | Snake:2  | Reached XP level 18. HP: 156/169 MP: 16/16
 30877 | Snake:4  | Entered Level 4 of the Snake Pit
 31245 | Snake:4  | Found Oreynan's Book Shop.
 31264 | Snake:4  | Found Locraf's Jewellery Boutique.
 31452 | Snake:4  | Noticed Louise
 31467 | Snake:4  | Killed Louise
 32403 | Snake:4  | Identified the cursed +1 great sword of Eneufino {speed,
                  | Str+3 SInv}
 32499 | Snake:4  | Got a serpentine rune of Zot
 32966 | Elf:1    | Entered Level 1 of the Elven Halls
 32976 | Elf:1    | Reached XP level 19. HP: 177/177 MP: 17/17
 33693 | Elf:1    | Found Onior's Gadget Boutique.
 34402 | Elf:2    | Found Eguman's Assorted Antiques.
 34423 | Elf:2    | Bought a potion of might for 112 gold pieces
 34423 | Elf:2    | Bought a runed cloak for 210 gold pieces
 34478 | Elf:2    | Found a portal to a secret trove of treasure.
 34888 | Elf:2    | Found a huge runed translucent gate.
 34890 | Elf:2    | Found a huge runed translucent gate.
 34893 | Elf:2    | Found a huge runed translucent gate.
 34894 | Elf:2    | Found a huge runed translucent gate.
 34894 | Elf:2    | Found a huge runed translucent gate.
 35613 | Elf:3    | Entered Level 3 of the Elven Halls
 35761 | Elf:3    | Gained mutation: You are frail. (-10% HP) [a neqoxec]
 35768 | Elf:3    | Noticed a Brimstone Fiend
 35793 | Elf:3    | Identified the ring "Zuohot" {Int+2 Stlth+}
 35796 | Elf:3    | Identified the +3 robe "Cuynyv" {rC+ Stlth+}
 35817 | Elf:3    | Identified the +3 whip of Heileh {freeze, Str+7}
 35824 | Elf:3    | Reached XP level 20. HP: 89/170 MP: 18/18
 35974 | Elf:3    | Got a brightly glowing war axe
 36073 | Elf:3    | Identified the +3 ice dragon scales "Recher" {rF- rC++
                  | SInv}
 36116 | Elf:3    | Identified the +4 war axe of a bailey {elec, Str+4} (You
                  | found it on level 3 of the Elven Halls)
 36529 | Elf:3    | Identified Xainoiw's Disquisition on Creation
 37403 | Elf:3    | Found Cyonikh's General Store.
 37975 | Vaults:1 | Entered Level 1 of the Vaults
 38240 | Vaults:1 | Reached skill level 15 in Armour
 38279 | Vaults:1 | Found an iron altar of Okawaru.
 39007 | Vaults:2 | Reached XP level 21. HP: 181/181 MP: 18/18
 39303 | Vaults:2 | Noticed Mennas
 39347 | Vaults:2 | Killed Mennas
 39614 | Vaults:2 | Found a roughly hewn altar of Beogh.
 39866 | Vaults:2 | Found a staircase to the Crypt.
 41255 | Vaults:3 | Found a shimmering blue altar of Sif Muna.
 41417 | Vaults:3 | Reached XP level 22. HP: 182/193 MP: 19/19
 41905 | Vaults:3 | Found Pefameff's Gadget Shoppe.
 43851 | Vaults:4 | Acquired a +2 pair of boots of flying
 44133 | Vaults:5 | Entered Level 5 of the Vaults
 44151 | Vaults:4 | Reached XP level 23. HP: 203/203 MP: 20/20
 45270 | Vaults:5 | Noticed a golden dragon
 45288 | Vaults:4 | Killed a golden dragon
 45524 | Vaults:5 | Identified the cursed +2 spear "Spiderbane" {holy, *Contam
                  | *Drain rElec rF+++}
 45527 | Vaults:5 | Identified the +7 trident of Miuqul {speed, Dex+2}
 45527 | Vaults:5 | Noticed an ancient lich
 45553 | Vaults:5 | Killed an ancient lich
 45584 | Vaults:5 | Reached XP level 24. HP: 175/214 MP: 20/20
 45625 | Vaults:5 | Acquired a +2 pair of boots of running
 46061 | Vaults:5 | Identified Unal's Lost Almanac of the Blind Seer
 46164 | Vaults:5 | Got a faintly glowing crystal amulet
 46165 | Vaults:5 | Identified the amulet "Fibeutuk" {rC+ Regen+ Int+3 Dex+2
                  | Slay+3} (You found it on level 5 of the Vaults)
 46466 | Vaults:5 | Got a silver rune of Zot
 46831 | Vaults:5 | Lost mutation: You are frail. (-10% HP) [potion of
                  | mutation]
 46831 | Vaults:5 | Gained mutation: You are frail. (-10% HP) [potion of
                  | mutation]
 46831 | Vaults:5 | Gained mutation: Your body sometimes deteriorates upon
                  | taking damage. [potion of mutation]
 46831 | Vaults:5 | Gained mutation: You are weak. (Str -2) [potion of
                  | mutation]
 46831 | Vaults:5 | Gained mutation: Your spells are a little harder to cast,
                  | but a little more powerful. [potion of mutation]
 46832 | Vaults:5 | Lost mutation: You are frail. (-10% HP) [potion of
                  | mutation]
 46832 | Vaults:5 | Lost mutation: Your body sometimes deteriorates upon taking
                  | damage. [potion of mutation]
 46832 | Vaults:5 | Lost mutation: You are weak. (Str -2) [potion of mutation]
 46832 | Vaults:5 | Gained mutation: You passively map a small area around you.
                  | [potion of mutation]
 46832 | Vaults:5 | Gained mutation: You have a pair of small antennae on your
                  | head. [potion of mutation]
 46832 | Vaults:5 | Gained mutation: You are robust. (+10% HP) [potion of
                  | mutation]
 46832 | Vaults:5 | Gained mutation: Your spells are harder to cast, but more
                  | powerful. [potion of mutation]
 46833 | Vaults:5 | Lost mutation: Your spells are harder to cast, but more
                  | powerful. [potion of mutation]
 46833 | Vaults:5 | Lost mutation: You have a pair of small antennae on your
                  | head. [potion of mutation]
 46833 | Vaults:5 | Lost mutation: Your spells are a little harder to cast, but
                  | a little more powerful. [potion of mutation]
 46833 | Vaults:5 | Lost mutation: You are robust. (+10% HP) [potion of
                  | mutation]
 46833 | Vaults:5 | Gained mutation: You have a pair of small antennae on your
                  | head. [potion of mutation]
 46833 | Vaults:5 | Gained mutation: You are clumsy. (Dex -2) [potion of
                  | mutation]
 46833 | Vaults:5 | Gained mutation: You expend magic power (3 MP) to
                  | strengthen your wands. [potion of mutation]
 47052 | Depths:1 | Entered Level 1 of the Depths
 47169 | Depths:1 | Found a shattered altar of Ashenzari.
 47622 | Depths:1 | Found a gateway to a ziggurat.
 47683 | Depths:1 | Found Otsosch's One-of-a-Kind Books.
 47866 | Depths:1 | Found a gateway to Hell.
 48264 | Depths:2 | Found Hireor's Distillery.
 48279 | Depths:2 | Bought a potion of haste for 210 gold pieces
 48279 | Depths:2 | Bought a potion of curing for 63 gold pieces
 48279 | Depths:2 | Bought a potion of cancellation for 168 gold pieces
 48279 | Depths:2 | Bought a potion of might for 84 gold pieces
 48279 | Depths:2 | Bought a potion of flight for 63 gold pieces
 48279 | Depths:2 | Bought a potion of heal wounds for 105 gold pieces
 48279 | Depths:2 | Bought 2 potions of haste for 420 gold pieces
 48279 | Depths:2 | Bought a potion of curing for 63 gold pieces
 48279 | Depths:2 | Bought a potion of resistance for 210 gold pieces
 48279 | Depths:2 | Bought a potion of mutation for 168 gold pieces
 48279 | Depths:2 | Bought a potion of haste for 210 gold pieces
 48279 | Depths:2 | Lost mutation: You are clumsy. (Dex -2) [potion of
                  | mutation]
 48279 | Depths:2 | Lost mutation: You have a pair of small antennae on your
                  | head. [potion of mutation]
 48279 | Depths:2 | Lost mutation: You passively map a small area around you.
                  | [potion of mutation]
 48279 | Depths:2 | Gained mutation: Your body sometimes deteriorates upon
                  | taking damage. [potion of mutation]
 48279 | Depths:2 | Gained mutation: Your mind is acute. (Int +2) [potion of
                  | mutation]
 48424 | Depths:2 | Identified the +9 hand axe "Qayzas" {vorpal, Dex+3}
 48433 | Depths:2 | Paralysed by a floating eye for 2 turns
 48459 | Depths:2 | Got a translucent marble ring
 48470 | Depths:2 | Identified the ring of Nuif {rF+ MR+ Str+3 Dex+2} (You
                  | found it on level 2 of the Depths)
 48599 | Depths:2 | Found a blossoming altar of Fedhas.
 49082 | Depths:2 | Learned a level 2 spell: Blink
 49130 | Depths:2 | Noticed Aizul
 49143 | Depths:2 | Banished Aizul
 49311 | Depths:3 | Reached skill level 1 in Translocations
 49315 | Depths:3 | Noticed Mara
 49330 | Depths:3 | Paralysed by a floating eye for 3 turns
 49335 | Depths:3 | Noticed ikjuyhgtrf's illusion
 49335 | Depths:3 | Killed Mara
 49335 | Depths:3 | Reached XP level 25. HP: 168/247 MP: 20/20
 49465 | Depths:3 | Found Repp's Book Emporium.
 49490 | Depths:3 | Noticed Saint Roka
 49496 | Depths:3 | Killed Saint Roka
 49560 | Depths:3 | Identified the ring "Gugoesh" {Wiz rF+++ Dex-2 Slay+2
                  | Stlth+}
 49569 | Depths:3 | Paralysed by a floating eye for 3 turns
 49637 | Depths:3 | Lost mutation: You expend magic power (3 MP) to strengthen
                  | your wands. [potion of mutation]
 49637 | Depths:3 | Lost mutation: Your mind is acute. (Int +2) [potion of
                  | mutation]
 49637 | Depths:3 | Gained mutation: You are partially covered in icy blue
                  | scales. (AC +2) [potion of mutation]
 49637 | Depths:3 | Lost mutation: Your body sometimes deteriorates upon taking
                  | damage. [potion of mutation]
 49637 | Depths:3 | Gained mutation: You possess an exceptional clarity of
                  | mind. [potion of mutation]
 49649 | Depths:3 | Identified the ring of Temptation {AC+4 Str+9 Dex-3 Slay-5
                  | SInv}
 49934 | Depths:3 | Got a clouded glass ring
 50238 | Depths:3 | Found Ocucumm's Distillery.
 50238 | Depths:3 | Found a transporter.
 50254 | Depths:3 | Bought a potion of cancellation for 176 gold pieces
 50254 | Depths:3 | Bought a potion of curing for 66 gold pieces
 50254 | Depths:3 | Bought a potion of might for 88 gold pieces
 50254 | Depths:3 | Bought a potion of haste for 220 gold pieces
 50254 | Depths:3 | Bought a potion of heal wounds for 110 gold pieces
 50254 | Depths:3 | Bought a potion of curing for 66 gold pieces
 50254 | Depths:3 | Bought a potion of curing for 66 gold pieces
 50254 | Depths:3 | Bought a potion of might for 88 gold pieces
 50254 | Depths:3 | Bought a potion of haste for 220 gold pieces
 50255 | Depths:3 | Found a transporter.
 50272 | Depths:3 | Reached skill level 5 in Translocations
 50324 | Depths:3 | Identified the ring "Yjui" {MP-9 Int-2 Dex+6 SInv Stlth+}
                  | (You found it on level 3 of the Depths)
 50348 | Depths:3 | Found Sysaqaca's Jewellery Emporium.
 50606 | Depths:3 | Found a one-way gate leading to the halls of Pandemonium.
 50972 | Elf:2    | You paid a toll of 4 potions of resistance to enter a
                  | treasure trove
 50973 | Trove    | Entered a treasure trove
 50997 | Trove    | Found the +5 robe of Night {Dark MR+ SInv}
 51031 | Trove    | Identified the amulet of Insomnia {Faith Str+3 Stlth+} (You
                  | found it in a treasure trove)
 51035 | Trove    | Identified the ring "Agran" {rPois Stlth+} (You found it in
                  | a treasure trove)
 51050 | Trove    | Reached XP level 26. HP: 258/258 MP: 20/20
 51790 | Depths:4 | Identified the ring of Yweunet {+Fly rC++ Dex+3}
 51846 | Depths:4 | Reached XP level 27. HP: 266/266 MP: 20/20
 51997 | Depths:4 | Found Ciklamnuq's Antique Armour Emporium.
 52023 | Depths:4 | Bought a runed plate armour for 1066 gold pieces
 52251 | Depths:4 | Paralysed by a floating eye for 2 turns
 52651 | Depths:5 | Entered Level 5 of the Depths
 53035 | Depths:5 | Reached skill level 10 in Translocations
 53036 | Depths:5 | Found a gate to the Realm of Zot.
 54046 | Slime:1  | Entered Level 1 of the Pits of Slime
 54049 | Slime:1  | Gained mutation: Your spells are a little easier to cast,
                  | but a little less powerful. [a shining eye]
 54051 | Slime:1  | Gained mutation: You are clumsy. (Dex -2) [a shining eye]
 54054 | Slime:1  | Gained mutation: Your spells are easier to cast, but less
                  | powerful. [a shining eye]
 54253 | Swamp:2  | Voluntarily entered the Abyss.
 54644 | Abyss:2  | Found a corrupted altar of Lugonu.
 54786 | Abyss:3  | Noticed an ancient lich
 54807 | Abyss:3  | Killed an ancient lich
 54857 | Abyss:3  | Paralysed by accursed screaming for 1 turns
 54891 | Abyss:3  | Got an abyssal rune of Zot
 54942 | Swamp:2  | Escaped the Abyss
 55738 | Slime:2  | Reached skill level 27 in Axes
 56058 | Slime:3  | Lost mutation: You possess an exceptional clarity of mind.
                  | [a shining eye]
 56195 | Slime:3  | Gained mutation: Your mind is acute. (Int +2) [a shining
                  | eye]
 56199 | Slime:3  | Gained mutation: You do not regenerate when monsters are
                  | visible. [a shining eye]
 56201 | Slime:3  | Gained mutation: You are very clumsy. (Dex -4) [a shining
                  | eye]
 56205 | Slime:3  | Lost mutation: Your mind is acute. (Int +2) [a shining eye]
 57368 | Slime:5  | Entered Level 5 of the Pits of Slime
 57421 | Slime:5  | Gained mutation: You are frail. (-10% HP) [a shining eye]
 57435 | Slime:5  | Lost mutation: Your spells are easier to cast, but less
                  | powerful. [potion of mutation]
 57435 | Slime:5  | Lost mutation: You are frail. (-10% HP) [potion of
                  | mutation]
 57435 | Slime:5  | Lost mutation: You do not regenerate when monsters are
                  | visible. [potion of mutation]
 57435 | Slime:5  | Gained mutation: Your magical capacity is very low. (-20%
                  | MP) [potion of mutation]
 57435 | Slime:5  | Lost mutation: You are very clumsy. (Dex -4) [potion of
                  | mutation]
 57542 | Slime:5  | Noticed the Royal Jelly
 57564 | Slime:5  | Killed the Royal Jelly
 57806 | Slime:5  | Identified Vonyniuq's Incunabulum of the Hurtful Mountains
 57829 | Slime:5  | Got a slimy rune of Zot
 58384 | Crypt:1  | Entered Level 1 of the Crypt
 59224 | Crypt:2  | Reached skill level 27 in Fighting
 59290 | Crypt:2  | Noticed Xtahua
 59297 | Crypt:2  | Killed Xtahua
 59851 | Crypt:3  | Entered Level 3 of the Crypt
 60042 | Crypt:3  | Found a staircase to the Tomb.
 60042 | Crypt:3  | Noticed a greater mummy
 60062 | Crypt:3  | Killed a greater mummy
 60833 | Crypt:3  | Identified the cursed +3 quarterstaff of Turmoil {vorpal,
                  | +Inv Int-3 Dex+5} (You found it on level 3 of the Crypt)
 61031 | Crypt:3  | Found an ancient bone altar of Kikubaaqudgha.
 61188 | Crypt:3  | Noticed an ancient lich
 61190 | Crypt:3  | Noticed an ancient lich
 61196 | Crypt:3  | Killed an ancient lich
 61198 | Crypt:3  | Killed an ancient lich
 61214 | Crypt:3  | Got a transparent cloak
 61224 | Crypt:3  | Identified the +0 cloak "Huutsiczo" {rElec Regen+ Int-5
                  | Dex+5} (You found it on level 3 of the Crypt)
 61867 | Hell     | Entered the Vestibule of Hell
 61867 | Hell     | Noticed Geryon
 61891 | Hell     | Killed Geryon
 62078 | Hell     | Found a gateway to the freezing wastes of Cocytus.
 62158 | Hell     | Found a gateway to the decaying netherworld of Tartarus.
 62288 | Hell     | Found a gateway to the ashen valley of Gehenna.
 62318 | Hell     | Noticed Murray
 62333 | Hell     | Killed Murray
 62443 | Hell     | Found a gateway to the Iron City of Dis.
 62619 | Zot:1    | Entered Level 1 of the Realm of Zot
 63061 | Zot:1    | Reached skill level 15 in Translocations
 63310 | Zot:1    | Found the +9 scales of the Dragon King {rPois rF+ rC+ MR+}
 63919 | Zot:2    | Identified the Compendium of the Valley of Death
 65305 | Zot:3    | You fall into a shaft and drop 1 floor!
 65973 | Zot:4    | Identified the +7 demon trident "Venoces" {vamp, rPois
                  | rC+++ Dex-2}
 66574 | Zot:5    | Entered Level 5 of the Realm of Zot
 66805 | Zot:5    | Noticed an ancient lich
 66806 | Zot:5    | Noticed an ancient lich
 66807 | Zot:5    | Noticed an ancient lich
 66808 | Zot:5    | Noticed an ancient lich
 66811 | Zot:5    | Noticed an orb of fire
 66812 | Zot:5    | Killed an ancient lich
 66822 | Zot:5    | Killed an ancient lich
 66827 | Zot:5    | Killed an ancient lich
 66833 | Zot:5    | Killed an ancient lich
 66842 | Zot:5    | Gained mutation: You sometimes yell uncontrollably at your
                  | foes. [an orb of fire]
 66845 | Zot:5    | Killed an orb of fire
 67256 | Zot:5    | Noticed an orb of fire
 67268 | Zot:5    | Gained mutation: Armour fits poorly on your strangely
                  | shaped body. [an orb of fire]
 67274 | Zot:5    | Gained mutation: You tend to lose your temper in combat.
                  | [an orb of fire]
 67277 | Zot:5    | Killed an orb of fire
 67279 | Zot:5    | Reached skill level 27 in Armour
 67286 | Zot:5    | Identified the +8 morningstar "Futoig" {flame, rElec MR+}
                  | (You found it on level 5 of the Realm of Zot)
 67358 | Zot:5    | Noticed an orb of fire
 67360 | Zot:5    | Gained mutation: You are very clumsy. (Dex -4) [an orb of
                  | fire]
 67361 | Zot:5    | Noticed an ancient lich
 67369 | Zot:5    | Killed an orb of fire
 67369 | Zot:5    | Noticed an ancient lich
 67369 | Zot:5    | Noticed an orb of fire
 67376 | Zot:5    | Killed an ancient lich
 67381 | Zot:5    | Killed an ancient lich
 67392 | Zot:5    | Gained mutation: Your body sometimes deteriorates upon
                  | taking damage. [an orb of fire]
 67394 | Zot:5    | Killed an orb of fire
 67430 | Zot:5    | Reached skill level 27 in Shields
 67693 | Zot:5    | Lost mutation: Armour fits poorly on your strangely shaped
                  | body. [potion of mutation]
 67693 | Zot:5    | Lost mutation: Your body sometimes deteriorates upon taking
                  | damage. [potion of mutation]
 67693 | Zot:5    | Gained mutation: You have sharp toenails. [potion of
                  | mutation]
 67693 | Zot:5    | Gained mutation: Your flesh is heat resistant. (rF+)
                  | [potion of mutation]
 67895 | Depths:4 | Lost mutation: Your magical capacity is very low. (-20% MP)
                  | [potion of mutation]
 67895 | Depths:4 | Lost mutation: You tend to lose your temper in combat.
                  | [potion of mutation]
 67895 | Depths:4 | Gained mutation: Your spells are easier to cast, but less
                  | powerful. [potion of mutation]
 67895 | Depths:4 | Gained mutation: You are resistant to electric shocks.
                  | (rElec) [potion of mutation]
 67941 | Geh:1    | Entered Level 1 of Gehenna
 67960 | Geh:1    | Reached skill level 1 in Throwing
 68932 | Geh:1    | Reached skill level 5 in Throwing
 70080 | Geh:4    | Paralysed by a Zot trap for 3 turns
 70521 | Geh:5    | Reached skill level 10 in Throwing
 70752 | Geh:7    | Entered Level 7 of Gehenna
 71159 | Geh:7    | Found the +0 sword of Power
 71220 | Geh:7    | Identified the +7 sceptre of Asmodeus
 71220 | Geh:7    | Noticed Asmodeus
 71246 | Geh:7    | Killed Asmodeus
 71264 | Geh:7    | Identified the +9 quarterstaff of a treasure trove {venom,
                  | rC+ Str+3}
 71281 | Geh:7    | Found the +8 orange crystal plate armour {Archmagi, Int+3
                  | Clar}
 71296 | Geh:7    | Found the +0 mask of the Dragon {MR+ Slay+3 SInv}
 71309 | Geh:7    | Identified Sif Muna's Compendium of Mutagenic Clay
 71319 | Geh:7    | Got an obsidian rune of Zot
 71364 | Geh:7    | Identified the ring "Petithriz" {Fire rN+ Dex+5} (You found
                  | it on level 7 of Gehenna)
 71917 | Coc:1    | Entered Level 1 of Cocytus
 74153 | Coc:5    | Reached skill level 15 in Throwing
 74414 | Coc:7    | Entered Level 7 of Cocytus
 74653 | Coc:7    | Noticed Antaeus
 74695 | Coc:7    | Killed Antaeus
 74708 | Coc:7    | Got an icy rune of Zot
 75126 | Coc:7    | Identified the +7 plate armour of Magic {rPois rN++ Dex-5}
                  | (You found it on level 7 of Cocytus)
 75131 | Coc:7    | Identified the +2 executioner's axe of the Crypt {vorpal,
                  | MP+9 Stlth+} (You found it on level 7 of Cocytus)
 75133 | Coc:7    | Got a smoking iron ring
 75134 | Coc:7    | Identified the ring "Irutuadu" {rPois Int+6 Slay+3 SInv}
                  | (You found it on level 7 of Cocytus)
 76216 | Dis:1    | Entered Level 1 of the Iron City of Dis
 76308 | Dis:1    | Reached skill level 1 in Long Blades
 76596 | Dis:1    | Reached skill level 5 in Long Blades
 77616 | Dis:2    | Reached skill level 10 in Long Blades
 79360 | Dis:3    | Reached skill level 15 in Long Blades
 82850 | Dis:7    | Entered Level 7 of the Iron City of Dis
 83749 | Dis:7    | Identified the +1 chain mail "Orilyom" {rElec rCorr Str-5
                  | Slay-5 SInv} (You found it on level 7 of the Iron City of
                  | Dis)
 83997 | Dis:7    | Got a slimy quarterstaff
 83998 | Dis:7    | Identified the +6 quarterstaff "Bukirr" {vorpal, rElec}
                  | (You found it on level 7 of the Iron City of Dis)
 84301 | Dis:7    | Noticed the Serpent of Hell
 84314 | Dis:7    | Killed the Serpent of Hell
 84480 | Dis:7    | Identified the +4 staff of Dispater
 84480 | Dis:7    | Identified the +4 tower shield "Optoig" {Regen+ Dex+3
                  | Slay+3}
 84480 | Dis:7    | Noticed Dispater
 84528 | Dis:7    | Killed Dispater
 84562 | Dis:7    | Got an iron rune of Zot
 84833 | Tar:1    | Entered Level 1 of Tartarus
 86849 | Tar:2    | Reached skill level 27 in Long Blades
 86867 | Tar:2    | Reached skill level 1 in Spellcasting
 87117 | Tar:3    | Cast into level 3 of the Abyss (skeletal warrior)
 87305 | Abyss:3  | Reached skill level 5 in Spellcasting
 87361 | Tar:3    | Escaped the Abyss
 88105 | Tar:7    | Entered Level 7 of Tartarus
 88249 | Tar:7    | Reached skill level 10 in Spellcasting
 88655 | Tar:7    | Identified the Collected Works on the Shifting Mountains
 88901 | Tar:7    | Noticed Ereshkigal
 88928 | Tar:7    | Killed Ereshkigal
 88962 | Tar:7    | Got a bone rune of Zot
 89395 | Tomb:1   | Entered Level 1 of the Tomb of the Ancients
 89860 | Tomb:1   | Lost intelligence.
 90319 | Tomb:1   | Noticed a greater mummy
 90332 | Tomb:1   | Killed a greater mummy
 90512 | Tomb:1   | Gained mutation: You are dopey. (Int -2) [mutagenic glow]
 90691 | Tomb:2   | Noticed a greater mummy
 90696 | Tomb:2   | Noticed a greater mummy
 90697 | Tomb:2   | Killed a greater mummy
 90697 | Tomb:2   | Noticed a greater mummy
 90704 | Tomb:2   | Noticed a greater mummy
 90708 | Tomb:2   | Killed a greater mummy
 90715 | Tomb:2   | Killed a greater mummy
 90722 | Tomb:2   | Killed a greater mummy
 90742 | Tomb:2   | HP: 13/273 [death scarab (19)]
 90780 | Tomb:2   | HP: 11/273 [torment (4)]
 90781 | Tomb:2   | Mangled by a death scarab

Illustrated notes

Levels and vault maps discovered:
D:1:      sevenhm_arrival_forest_fort_small_3, layout_basic,
          hangedman_abyss_or_decor_stabs, minivault_24, serial_bayou_pond_b,
          minmay_octomino_e4
D:2:      layout_loops_corners, uniq_robin
D:3:      layout_loops_ring, kennysheep_slug_shrine, old_standard_altar,
          chequers_ecumenical_altar_island, minmay_vboxes, uniq_natasha,
          uniq_crazy_yiuf_cottage
D:4:      layout_basic, kennysheep_little_box, lemuel_temple_firewalk_b
D:5:      layout_cave_pools, basic_altar
D:6:      layout_gridville, yredelemnul_forgotten_temple_becter, uniq_pikel
D:7:      layout_cave_pods, minmay_shattered_shrine, uniq_duvessa
D:8:      layout_rooms, lemuel_doored_altar, nemelex_xobeh_ov_fountains_minmay,
          serial_shops, nicolae_shop_temple_entry_statues_fountains,
          minmay_misc_feat_tiny, kennysheep_generic_room_8
D:9:      layout_basic, kennysheep_mini_moat, marbit_many_paths, orc_0_dummy
D:10:     cheibrodos_orc_bank, layout_basic, uniq_maggie, uniq_maurice
D:11:     layout_cave_pools, grunt_lair_entry_orc_guard_hut
D:12:     layout_irregular_city
D:13:     layout_cave_pods, st_stairs_5, eino_jars
D:14:     layout_gridville, lightli_vaults_fourway_checkpoint, basic_altar,
          grunt_decor_clamped, uniq_josephine
D:15:     gammafunk_enter_depths_forms, layout_basic,
          ebering_ghost_disaster_area, hangedman_abyss_or_decor_clamps,
          chequers_serial_rivers_room_b, hangedman_cracks_in_the_wall
Temple:   eino_narrow_crystal_temple
Lair:1:   layout_cave_pods
Lair:2:   layout_cave_pods, lemuel_fruit_fields
Lair:3:   layout_loops_ring, palyth_hydra_swamp_entry,
          minmay_snake_entry_guardpost_medium, beast_lair_carwin_1
Lair:4:   layout_regular_city, grunt_megastairs_3
Lair:5:   layout_hall_layers, slime_altar_2
Lair:6:   minmay_lair_end_frog_pond, layout_regular_city, minmay_lindwurm_lava
Swamp:1:  layout_basic_swamp, evilmike_swamp_ruin_house_1
Swamp:2:  layout_basic_swamp, gammafunk_ghost_abyssal_escape,
          hangedman_swamp_blocks, worms_lemuel
Swamp:3:  layout_basic_swamp, evilmike_swamp_ruin_rubble_1, swamp_pool4,
          infiniplex_staircase_pool_2
Swamp:4:  swamp_icy, layout_basic_swamp, uniq_bai_suzhen
Snake:1:  layout_rooms, serial_shops, shop, uniq_kirke, uniq_rupert
Snake:2:  layout_chambers
Snake:3:  layout_honeycomb
Snake:4:  minmay_snake_end_coiled, layout_misc_corridors, drop_trap,
          minmay_shoptagon, uniq_louise
Slime:1:  layout_caves
Slime:2:  layout_caves
Slime:3:  layout_caves
Slime:4:  layout_caves
Slime:5
Orc:1:    layout_caves
Orc:2:    st_orc_rangers, layout_caves, chequers_guarded_unrand_ignorance
Elf:1:    eino_elf_arrival_sip, layout_geoelf_grid, serial_shops, shop,
          evilmike_minifort, minmay_misc_feat_columns, grunt_megastairs_1
Elf:2:    layout_geoelf_octagon, serial_shops, shop_fountains,
          nicolae_trove_entry_crossroad
Elf:3:    elf_hall_gauntlet_wide, layout_onion_city, serial_shops, shop
Vaults:1: vaults_room_hallway, vaults_room_grunt_arrival_ludios,
          vaults_dpeg_encased_lava, hangedman_vaults_maws, vaults_room_corners,
          nicolae_vaults_little_squares_2, layout_vaults_big_room, basic_altar
Vaults:2: blue_anna_dwarven_crypt, vaults_room_pools,
          nicolae_vaults_mini_display_case, vaults_room_fours,
          ontoclasm_vaults_spin, v_misc_23, special_room_vaults
          [special_room_orc], vaults_mumra_minichess_inversion,
          vaults_room_pool, layout_vaults_omnibox, uniq_mennas
Vaults:3: ontoclasm_vaults_ligature, v_pattern_3,
          ontoclasm_vaults_claustrophobia, nicolae_vaults_shelves_hall,
          st_more_cells, vaults_room_semicircle, hangedman_vaults_maws,
          nicolae_vaults_twisting_passages, nicolae_vaults_shelves_hall,
          layout_vaults_quadrants, basic_altar, serial_shops,
          nicolae_shop_waterfront
Vaults:4: nicolae_vaults_network_periphery, vaults_room_stairs_pillars,
          nicolae_vaults_disjoint_gnomons, v_misc_31,
          nicolae_vaults_network_quinsquares
          [nicolae_vaults_network_quincunx_subvault,
          nicolae_vaults_network_quincunx_subvault,
          nicolae_vaults_network_quincunx_subvault,
          nicolae_vaults_network_quincunx_subvault], grunt_vaults_bifocal,
          ontoclasm_vaults_ring_square, v_misc_29, hangedman_vaults_corner,
          ontoclasm_vaults_pinch, vaults_room_stairs_pillars,
          nicolae_vaults_little_squares_1, layout_vaults_maze
Vaults:5: serial_shops
Crypt:1:  layout_misc_corridors, serial_sigils_hangedman_shear, st_stairs_6
Crypt:2:  layout_gridlike, uniq_xtahua
Crypt:3:  evilmike_haunted_forest
Tomb:1:   uniq_frederick
Tomb:2
Depths:1: layout_gridlike, enter_ziggurat_f, grunt_hell_entry_dis_old,
          basic_altar, minmay_fountain_box, nicolae_rare_books,
          lemuel_nasty_fountain
Depths:2: minmay_the_grid_triangle_9x9_recursive_2_mashed
          [minmay_the_grid_triangle_9x9_prize_center,
          minmay_the_grid_triangle_9x9_shrine,
          minmay_the_grid_triangle_9x9_pentomino_pain,
          minmay_the_grid_triangle_9x9_longest], layout_honeycomb,
          kennysheep_cross_room, pf_vacation_house_of_asmodeus, serial_shops,
          nicolae_shop_waterfront, st_stairs_9, minmay_holes,
          grunt_megastairs_5, uniq_aizul
Depths:3: hangedman_spin_cycle, pan_entry, hell_entry, uniq_mara
Depths:4: minmay_tile_spiral, layout_long_grid, hellmouth_1, serial_shops,
          nicolae_shop_temple_entry_statues_fountains, rand_demon_pan_entry_7,
          abyss_entry, serial_bayou, serial_bayou_shore_a,
          serial_bayou_crossing, serial_bayou_pond_c, serial_bayou_lagoon_a
Depths:5: evilmike_zot_entry_round, layout_basic, wad_floor_pattern_untrapped,
          grunt_metal_band
Hell
Dis:1:    layout_jigsaw
Dis:2:    layout_subdivisions, grunt_dis_stairs_iron_hall
Dis:3:    layout_gridville
Dis:4:    layout_subdivisions
Dis:5:    layout_subdivisions
Dis:6:    layout_gridville
Dis:7:    dis_grunt_layers
Geh:1:    layout_gehenna_pools_box, hangedman_gehenna_grave_pits
Geh:2:    layout_gehenna_lava_caves, lemuel_flamethrower_3
Geh:3:    layout_gehenna_pools_box, lemuel_flamethrower_2
Geh:4:    layout_gehenna_pools_triple, nicolae_geh_fiery_graves
          [nicolae_geh_single_fiery_grave, nicolae_geh_single_fiery_grave,
          nicolae_geh_single_fiery_grave, nicolae_geh_single_fiery_grave,
          nicolae_geh_single_fiery_grave, nicolae_geh_single_fiery_grave,
          nicolae_geh_single_fiery_grave, nicolae_geh_single_fiery_grave,
          nicolae_geh_single_fiery_grave]
Geh:5:    layout_gehenna_pools_basic, nicolae_geh_single_fiery_grave
Geh:6:    layout_gehenna_pools_triple
Geh:7:    geh_mu
Coc:1:    layout_ice_bergs
Coc:2:    layout_ice_bergs
Coc:3:    layout_cocytus_water_paths
Coc:4:    layout_ice_bergs
Coc:5:    layout_cocytus_water_paths
Coc:6:    layout_ice_bergs
Coc:7:    coc_grunt
Tar:1:    layout_grid_maze
Tar:2:    layout_honeycomb
Tar:3:    layout_cathedral_of_symmetry
Tar:4:    layout_catacombs, nicolae_tar_cuneiform_bread
Tar:5:    layout_honeycomb
Tar:6:    layout_catacombs, lemuel_nasty_fountain
Tar:7:    tar_old
Zot:1:    layout_basic
Zot:2:    layout_onion_interference, evilmike_ambush
          [evilmike_ambush_outer_pillars, evilmike_ambush_inner_basic]
Zot:3:    layout_concentric_octagons
Zot:4:    layout_basic
Zot:5:    layout_gridlike

Skill      XL: |  1  2  3  4  5  6  7  8  9 10 11 12 13 14 15 16 17 18 19 20 21 22 23 24 25 26 27 |
---------------+----------------------------------------------------------------------------------+-----
Axes           | 3 4 5 6 8 9 10 11 12 13 15 16 17 18 19 21 23 24 25 27 | 27.0
Fighting       | 5 10 11 12 13 14 15 16 17 18 20 22 23 24 25 27 | 27.0
Shields        | 9 11 12 13 14 15 16 18 21 23 25 27 | 27.0
Armour         | 4 7 9 10 12 13 15 17 18 19 20 21 27 | 27.0
Translocations | 2 6 8 23 | 23.1
Throwing       | 17 | 17.7
Long Blades    | 27 | 27.0
Spellcasting   | 13 | 13.0

Action                   |  1- 3 |  4- 6 |  7- 9 | 10-12 | 13-15 | 16-18 | 19-21 | 22-24 | 25-27 || total
-------------------------+-------+-------+-------+-------+-------+-------+-------+-------+-------++-------
Melee: War axe           |    83 |   235 |   305 |    51 |       |       |       |       |       ||   674
       Broad axe         |       |       |       |   393 |  1021 |  1428 |  1294 |  1117 |  5960 || 11213
       Eudemon blade     |       |       |       |       |       |       |       |       |  1973 ||  1973
Throw: Boomerang         |       |       |       |     5 |       |     7 |       |       |    21 ||    33
Invok: Sacrifice Stealth |       |       |     1 |       |       |       |       |       |       ||     1
       Reject Sacrifices |       |       |       |     1 |     1 |       |       |       |       ||     2
       Sacrifice Arcana  |       |       |       |     1 |       |       |       |       |       ||     1
       Sacrifice Purity  |       |       |       |       |     1 |       |       |       |       ||     1
       Sacrifice Nimblen |       |       |       |       |     1 |       |       |       |       ||     1
       Sacrifice Artific |       |       |       |       |     1 |       |       |       |       ||     1
       Sacrifice Essence |       |       |       |       |     1 |       |       |       |       ||     1
       Power Leap        |       |       |       |       |       |     2 |     2 |       |     3 ||     7
       Sacrifice Health  |       |       |       |       |       |     1 |       |       |       ||     1
       Draw Out Power    |       |       |       |       |       |     2 |       |       |     9 ||    11
       Apocalypse        |       |       |       |       |       |       |     1 |     2 |    14 ||    17
  Use: Scroll            |       |       |    17 |    22 |     8 |     2 |    15 |     6 |    58 ||   128
       Potion            |       |       |     4 |       |     4 |     8 |     2 |     6 |    37 ||    61
 Stab: Distracted        |       |       |       |       |     5 |    12 |     6 |     5 |    44 ||    72
       Petrified         |       |       |       |       |     3 |       |     3 |     3 |    23 ||    32
       Invisible         |       |       |       |       |     7 |    14 |     6 |     7 |    40 ||    74
       Paralysed         |       |       |       |       |     1 |       |    11 |    15 |   107 ||   134
       Petrifying        |       |       |       |       |       |       |     2 |     9 |    30 ||    41
       Confused          |       |       |       |       |       |       |     1 |    10 |    32 ||    43
Armor: Scale mail        |    21 |   125 |   132 |       |       |       |       |       |       ||   278
       Plate armour      |       |       |    16 |   166 |   287 |   219 |   127 |   263 |   657 ||  1735
       Gold dragon scale |       |       |       |       |       |       |       |       |    10 ||    10
       Crystal plate arm |       |       |       |       |       |       |       |       |   762 ||   762
Dodge: Dodged            |    23 |    72 |    86 |    37 |   198 |    95 |    54 |    61 |   456 ||  1082
Block: Kite shield       |    40 |    81 |   231 |    44 |       |       |       |       |       ||   396
       Reflection        |       |       |     8 |    12 |    74 |   177 |    95 |    59 |       ||   425
       Tower shield      |       |       |       |   352 |  1029 |  1572 |  1158 |  1157 |  6667 || 11935
       Rpst.: Eudemon blade |       |       |       |       |       |       |       |       |    22 ||    22

Table legend: (Time is in decaauts)
 A = Elapsed time spent in this place.
 B = Non-inter-level travel time spent in this place.
 C = Inter-level travel time spent in this place.
 D = Time resting spent in this place.
 E = Time spent auto-exploring this place.
 F = Levels seen in this place.
 G = Mean time per level.
                   A        B        C        D        E       F      G
               +--------+--------+--------+--------+--------+-----+--------+
         Total |  85148 |  76518 |   8630 |   9743 |  43012 |  94 |  905.8 |
       Dungeon |  16046 |  13763 |   2283 |   1336 |   9782 |  15 | 1069.7 |
        Temple |     16 |      8 |      8 |      0 |      0 |   1 |   16.0 |
          Lair |   6599 |   5330 |   1269 |    185 |   4058 |   6 | 1099.8 |
         Swamp |   5585 |   5146 |    439 |    895 |   3143 |   4 | 1396.2 |
     Snake Pit |   4800 |   4536 |    264 |    462 |   3051 |   4 | 1200.0 |
    Slime Pits |   2769 |   2487 |    282 |    268 |   1423 |   5 |  553.8 |
  Orcish Mines |   1876 |   1671 |    205 |    288 |    894 |   2 |  938.0 |
   Elven Halls |   4795 |   4416 |    379 |    945 |   2295 |   3 | 1598.3 |
        Vaults |   8781 |   8248 |    533 |   1863 |   4460 |   5 | 1756.2 |
         Crypt |   3017 |   2756 |    261 |    417 |   1346 |   3 | 1005.7 |
          Tomb |   1486 |   1397 |     89 |    837 |     13 |   2 |  743.0 |
        Depths |   5867 |   4956 |    911 |    637 |   2551 |   5 | 1173.4 |
          Hell |    884 |    706 |    178 |    146 |    239 |   1 |  884.0 |
           Dis |   7376 |   6720 |    656 |    461 |   3444 |   7 | 1053.7 |
       Gehenna |   3267 |   3176 |     91 |    204 |    896 |   7 |  466.7 |
       Cocytus |   3060 |   2868 |    192 |    225 |   1074 |   7 |  437.1 |
      Tartarus |   3310 |   3007 |    303 |    165 |   1252 |   7 |  472.9 |
           Zot |   4665 |   4385 |    280 |    405 |   2809 |   5 |  933.0 |
         Abyss |    804 |    804 |      0 |      2 |    274 |   4 |  201.0 |
         Trove |    138 |    138 |      0 |      0 |      0 |   1 |  138.0 |
               +--------+--------+--------+--------+--------+-----+--------+

Top non-repeatable levels by time:
Vaults:4: 2903 daAuts
 Swamp:2: 2116 daAuts
   Elf:3: 2101 daAuts
 Snake:4: 1778 daAuts
 Crypt:3: 1667 daAuts
Vaults:3: 1664 daAuts
   Dis:7: 1611 daAuts
 Swamp:4: 1607 daAuts
Vaults:2: 1594 daAuts
    D:15: 1492 daAuts
Vaults:5: 1464 daAuts
    D:13: 1452 daAuts
    D:14: 1438 daAuts
     D:7: 1406 daAuts
  Tomb:1: 1405 daAuts
